Map: Berlingrad LE

Players

CowboyDan - Winner!

  • Race: Terran Terran

SilentFate

  • Race: Zerg Zerg
  • League: Master

VOD

Have the link to the VOD?

Description

any advice? :D Whats the best composition against mech?

Time

  • Played on: March 25, 2022, 5:11 a.m.
  • Length: 30:55
Show
View Real Time Build Order
Export as new Build Order

CowboyDan Terran - Winner!

Build Orders: Reaper Expand, Mech 

Get SALT Encoding   

  12  0:00  SCV  
  13  0:12  SCV  
  14  0:18  Supply Depot  
  14  0:25  SCV  
  15  0:39  SCV  
  15  0:41  Barracks  
  16  0:43  Refinery  
  16  0:51  SCV  
  17  1:04  SCV  
  18  1:16  SCV  
  19  1:28  Reaper, Orbital Command  
  20  1:40  Command Center  
  20  1:49  Supply Depot  
  20  1:54  SCV  
  20  1:59  Marine  
  22  2:04  Refinery  
  22  2:07  SCV  
  23  2:13  Factory  
  23  2:19  SCV  
  23  2:20  Barracks Reactor  
  24  2:31  SCV  
  25  2:43  SCV  
  26  2:52  Orbital Command  
  26  3:00  Starport  
  26  3:04  Hellion  
  26  3:05  Hellion  
  30  3:07  SCV  
  30  3:10  Barracks Tech Lab  
  31  3:19  SCV  
  32  3:28  SCV  
  32  3:30  Hellion x2  
  32  3:31  SCV  
  38  3:35  Supply Depot  
  38  3:40  SCV  
  39  3:43  Fusion Core, SCV  
  40  3:55  Command Center, SCV  
  41  4:00  Supply Depot, SCV  
  42  4:07  SCV  
  43  4:12  SCV  
  44  4:23  Supply Depot, SCV  
  45  4:29  SCV  
  52  4:31  Battlecruiser  
  52  4:36  Refinery, SCV  
  52  4:38  Refinery  
  53  4:41  SCV  
  53  4:43  Factory  
  54  4:48  SCV  
  54  4:49  Factory  
  55  4:53  Barracks Tech Lab  
  55  4:54  SCV  
  56  5:00  SCV  
  56  5:02  Hellion x2  
  56  5:06  SCV  
  62  5:07  Orbital Command  
  62  5:10  Engineering Bay  
  62  5:12  SCV  
  63  5:22  SCV  
  63  5:24  SCV  
  63  5:28  Hellion x2  
  69  5:34  SCV x2  
  71  5:36  SCV  
  71  5:37  Siege Tank  
  75  5:46  SCV  
  75  5:47  Armory, Siege Tank  
  75  5:48  Armory  
  79  5:59  SCV x2  
  79  6:01  Hellion x2  
  85  6:06  Orbital Command  
  85  6:14  Siege Tank  
  85  6:15  Supply Depot  
  85  6:16  Supply Depot, SCV  
  89  6:19  Factory, SCV  
  89  6:20  Factory  
  89  6:23  Siege Tank  
  93  6:37  SCV x3  
  96  6:46  Refinery  
  96  6:49  SCV x3  
  96  6:50  Refinery  
  96  6:53  Terran Vehicle Weapons Level 1, Terran Vehicle And Ship Armor Level 1  
  99  6:58  Supply Depot  
  99  7:00  Supply Depot  
  99  7:01  Supply Depot, SCV x2  
  99  7:02  Missile Turret  
  99  7:04  Thor  
  99  7:05  Missile Turret  
  99  7:06  SCV  
  99  7:07  Missile Turret  
  108  7:17  Factory Tech Lab, Thor  
  114  7:23  SCV x3  
  117  7:35  SCV x2  
  117  7:36  Command Center, Siege Tank  
  117  7:37  Factory Tech Lab  
  122  7:38  SCV  
  123  7:44  Supply Depot  
  123  7:46  Supply Depot  
  123  7:47  SCV  
  124  7:53  Supply Depot x2, Siege Tank  
  124  7:54  Hellion x2  
  124  7:55  SCV  
  132  8:06  Missile Turret  
  132  8:08  SCV x2  
  132  8:10  Missile Turret  
  135  8:12  SCV  
  135  8:20  SCV  
  135  8:21  Siege Tank x2  
  135  8:22  Siege Tank  
  135  8:24  Hellion x2  
  135  8:26  SCV  
  150  8:31  Supply Depot  
  150  8:33  Supply Depot  
  150  8:39  Infernal Pre-Igniter  
  150  8:40  SCV  
  151  8:43  Advanced Ballistics  
  151  8:51  Starport Reactor  
  151  8:54  Terran Vehicle And Ship Armor Level 2, Terran Vehicle Weapons Level 2  
  151  9:05  Siege Tank x2  
  151  9:06  Siege Tank  
  151  9:07  Hellion x2  
  164  9:24  Siege Tank  
  167  9:30  Command Center  
  167  9:32  Sensor Tower  
  167  9:37  Siege Tank  
  167  9:38  Siege Tank  
  173  9:40  Hellion x2  
  177  9:49  Planetary Fortress  
  177  9:57  Refinery  
  177  10:00  Refinery  
  177  10:21  Liberator x2  
  175  10:24  SCV  
  182  10:44  Command Center  
  182  10:47  Starport  
  182  10:49  Starport x2  
  182  11:04  Liberator x2  
  128  11:22  Siege Tank x4  
  128  11:23  Hellion  
  128  11:24  Hellion  
  128  11:25  SCV  
  142  11:29  Supply Depot  
  142  11:33  Supply Depot  
  142  11:35  Supply Depot, Orbital Command  
  142  11:37  Missile Turret x2  
  142  11:49  Hellion x2, Liberator x2  
  142  11:51  Starport Reactor x3  
  151  11:58  Sensor Tower  
  151  12:03  Supply Depot  
  151  12:21  Siege Tank x4  
  142  12:32  Liberator x2  
  145  12:39  Viking x2  
  146  12:46  Hellion x2  
  150  12:51  Terran Vehicle And Ship Armor Level 3, Terran Vehicle Weapons Level 3  
  150  12:53  Siege Tank  
  153  13:05  Command Center  
  153  13:07  Command Center  
  153  13:08  Missile Turret x2  
  153  13:10  Missile Turret  
  153  13:13  Missile Turret x2, Refinery  
  153  13:14  Missile Turret, Viking x3  
  153  13:15  Viking  
  153  13:16  Planetary Fortress  
  153  13:18  Refinery  
  142  13:54  Liberator x2  
  142  13:55  Liberator x3, Siege Tank  
  140  13:57  SCV  
  144  14:04  Siege Tank  
  147  14:10  Siege Tank x2  
  147  14:11  Hellion x2  
  157  14:18  Planetary Fortress  
  157  14:20  Missile Turret  
  157  14:21  Missile Turret  
  157  14:23  Missile Turret  
  157  14:30  Siege Tank  
  160  14:32  Sensor Tower, Liberator  
  160  14:33  Liberator x2  
  160  14:35  Hellion  
  160  14:36  Hellion  
  173  14:57  Hellion x2  
  160  15:08  Siege Tank x3  
  160  15:10  Liberator x3  
  178  15:18  Hellion x2  
  182  15:23  Command Center  
  182  15:25  Siege Tank  
  185  15:28  Terran Ship Weapons Level 1  
  185  15:32  Missile Turret  
  185  15:33  Orbital Command  
  185  15:35  Missile Turret x2  
  185  15:39  Missile Turret  
  185  15:40  Hellion x2, Liberator  
  185  15:41  Liberator x2  
  192  16:02  Hellion x7  
  173  16:12  Missile Turret  
  173  16:15  Refinery  
  173  16:19  SCV x3  
  173  16:22  Siege Tank  
  179  16:28  Siege Tank  
  179  16:31  Siege Tank x2  
  179  16:32  Hellion x2  
  192  16:39  Command Center  
  192  16:52  Missile Turret x2  
  192  16:53  Missile Turret  
  149  17:43  Siege Tank  
  149  17:44  Siege Tank  
  150  17:48  Siege Tank  
  153  17:52  Viking x2  
  153  17:57  Siege Tank  
  160  18:00  Smart Servos  
  160  18:07  Refinery  
  160  18:22  Missile Turret  
  160  18:24  Refinery  
  157  18:31  Siege Tank x2  
  157  18:32  Liberator x2  
  169  18:38  Liberator x4  
  169  18:58  Siege Tank  
  169  19:00  Liberator x2  
  175  19:16  Missile Turret  
  175  19:17  Missile Turret  
  175  19:19  Missile Turret  
  175  19:21  Missile Turret  
  175  19:24  Missile Turret  
  175  19:28  Thor  
  175  19:30  Liberator x2  
  175  19:31  Liberator x2  
  193  19:41  Terran Ship Weapons Level 2  
  171  20:12  Siege Tank x2  
  171  20:13  Liberator, Siege Tank x2  
  171  20:14  Liberator x3  
  189  20:17  Planetary Fortress  
  189  20:19  Missile Turret  
  189  20:21  Missile Turret  
  195  20:25  Missile Turret  
  195  20:27  Missile Turret  
  195  20:44  Siege Tank  
  147  21:22  Orbital Command  
  147  21:23  Siege Tank  
  147  21:26  Siege Tank x3  
  156  21:44  Liberator x6  
  156  21:45  Liberator  
  179  21:47  Hellion x2  
  181  21:55  Siege Tank  
  181  21:56  Missile Turret  
  181  21:58  Siege Tank x2  
  181  21:59  Siege Tank  
  186  22:08  Hellion x2  
  175  22:20  Viking  
  171  22:27  Siege Tank, Liberator x2, Viking  
  184  22:30  Hellion  
  184  22:39  Missile Turret x3  
  184  22:42  Siege Tank  
  187  22:48  Siege Tank  
  187  22:51  Command Center  
  190  22:54  Siege Tank  
  188  23:06  Viking x4  
  188  23:08  Refinery  
  188  23:12  Refinery  
  196  23:36  Missile Turret  
  196  23:37  Missile Turret  
  196  23:38  Missile Turret  
  161  24:10  Missile Turret  
  138  24:41  Siege Tank  
  138  24:44  Siege Tank x3  
  138  24:45  Hellion x2, Liberator x4  
  154  24:46  Liberator  
  169  24:57  Orbital Command  
  169  25:06  Hellion, Widow Mine  
  173  25:08  Refinery  
  173  25:13  Siege Tank  
  176  25:16  Siege Tank x2  
  182  25:38  Command Center  
  182  25:48  Missile Turret x3  
  139  26:49  Siege Tank x2  
  139  26:50  Hellion x2  
  125  26:54  Siege Tank  
  125  27:01  Siege Tank  
  119  27:11  Hellion x2  
  123  27:18  Liberator x5  
  123  27:19  Liberator  
  123  27:20  Liberator  
  144  27:22  Viking  
  144  27:27  Command Center  
  146  27:31  Planetary Fortress  
  143  27:52  Viking  
  143  27:53  Siege Tank, Thor  
  143  27:54  Thor  
  143  27:55  Hellion x2, Siege Tank  
  167  28:01  Viking x2  
  171  28:26  Siege Tank  
  174  28:30  Viking x2  
  174  28:31  Viking  
  174  28:32  Viking  
  184  28:34  Hellion x2  
  184  28:35  Hellion  
  177  29:05  Siege Tank  
  177  29:06  Viking x2  
  182  29:24  Siege Tank x2  
  182  29:25  Hellion x2  
  180  29:31  Siege Tank  
  183  29:39  Siege Tank  
  186  30:01  Siege Tank  
  186  30:04  Siege Tank  
  192  30:15  Siege Tank  
Show
View Real Time Build Order
Export as new Build Order

SilentFate Zerg 

Build Orders: Hatch First 

Get SALT Encoding   

  12  0:00  Drone  
  13  0:12  Overlord  
  13  0:17  Drone  
  14  0:32  Drone x2  
  16  0:48  Hatchery  
  15  0:51  Drone  
  15  0:55  Drone  
  17  1:00  Drone  
  18  1:11  Extractor  
  18  1:14  Spawning Pool  
  18  1:17  Drone  
  17  1:21  Drone  
  18  1:28  Drone  
  19  1:39  Drone  
  20  1:49  Drone  
  21  2:00  Queen  
  21  2:01  Queen  
  25  2:02  Zergling x4  
  27  2:11  Overlord  
  27  2:12  Drone  
  28  2:22  Hatchery  
  27  2:28  Drone  
  28  2:30  Metabolic Boost  
  28  2:36  Drone x2  
  29  2:47  Drone  
  29  2:51  Queen  
  32  2:52  Overlord  
  32  2:56  Drone  
  32  2:57  Drone  
  34  3:03  Drone  
  34  3:04  Pneumatized Carapace  
  35  3:10  Drone  
  36  3:13  Drone  
  37  3:25  Drone x2  
  39  3:28  Overlord, Drone x2  
  41  3:38  Drone x3  
  41  3:41  Queen  
  44  3:46  Queen  
  44  3:47  Zergling x4, Queen  
  52  3:57  Drone  
  52  3:58  Overlord, Drone x3  
  56  4:03  Drone  
  57  4:17  Overlord  
  57  4:18  Drone x5  
  57  4:23  Queen  
  64  4:27  Zergling x2  
  65  4:34  Overlord x2  
  65  4:36  Baneling Nest  
  64  4:43  Lair  
  64  4:45  Drone  
  65  4:47  Extractor, Drone x5  
  65  4:51  Drone x4  
  73  4:53  Zergling x4, Evolution Chamber  
  73  4:59  Spore Crawler, Queen  
  75  5:00  Spore Crawler  
  75  5:01  Drone  
  75  5:02  Drone  
  75  5:03  Spore Crawler, Drone x3  
  75  5:06  Overlord  
  78  5:07  Drone  
  78  5:11  Queen  
  81  5:18  Drone x4  
  85  5:22  Extractor, Drone x2  
  85  5:23  Extractor  
  85  5:25  Zerg Missile Weapons Level 1  
  85  5:27  Extractor x2, Evolution Chamber  
  85  5:28  Zergling x4  
  84  5:30  Drone x2  
  84  5:31  Drone  
  84  5:33  Overlord  
  87  5:44  Drone x4  
  91  5:51  Spire, Overlord, Drone x3  
  91  5:57  Zergling x4  
  91  6:00  Overlord x2  
  91  6:03  Drone  
  92  6:12  Overlord  
  92  6:14  Drone x2  
  92  6:16  Hydralisk Den, Queen x2  
  97  6:21  Zerg Ground Armor Level 1  
  97  6:31  Overseer  
  97  6:35  Hatchery  
  96  6:50  Grooved Spines  
  96  6:51  Infestation Pit  
  95  6:58  Drone x17  
  112  7:02  Overlord x2  
  112  7:06  Corruptor x2  
  116  7:18  Hydralisk x3  
  120  7:30  Drone x2  
  120  7:31  Drone  
  120  7:33  Corruptor x3  
  120  7:34  Extractor  
  120  7:36  Extractor  
  127  7:37  Extractor  
  127  7:43  Hydralisk, Drone x6  
  127  7:44  Hydralisk  
  132  7:45  Zerg Missile Weapons Level 2  
  132  7:48  Hive  
  136  7:56  Hydralisk x3  
  142  8:01  Muscular Augments  
  142  8:05  Overlord, Drone  
  143  8:07  Spore Crawler  
  143  8:08  Hydralisk x4  
  143  8:11  Spore Crawler  
  149  8:13  Spore Crawler  
  149  8:16  Spine Crawler  
  149  8:18  Spine Crawler, Overlord, Drone x4  
  150  8:22  Overlord x6  
  150  8:25  Zerg Flyer Weapons Level 1  
  150  8:37  Hydralisk x8  
  165  8:43  Hydralisk x3  
  167  8:58  Drone x3  
  167  8:59  Spine Crawler x3  
  167  9:02  Viper x2  
  173  9:11  Viper  
  173  9:12  Hatchery  
  173  9:14  Hydralisk x2  
  177  9:29  Hydralisk  
  177  9:30  Hydralisk x6  
  191  9:32  Extractor  
  191  9:36  Extractor  
  191  9:37  Viper  
  192  9:45  Drone  
  192  9:46  Overlord, Drone  
  192  9:47  Spine Crawler, Queen, Overlord  
  192  9:52  Drone x3  
  198  10:04  Hydralisk  
  199  10:20  Lurker Den  
  196  10:22  Greater Spire  
  196  10:26  Spine Crawler  
  196  10:27  Spine Crawler x2  
  193  10:32  Spine Crawler, Drone x2  
  193  10:33  Spine Crawler, Drone x2  
  193  10:35  Spore Crawler  
  194  10:42  Overseer  
  174  11:08  Hydralisk x5  
  174  11:09  Hydralisk x13  
  195  11:21  Viper x2  
  195  11:23  Hydralisk x6  
  199  11:46  Zerg Missile Weapons Level 3, Zerg Ground Armor Level 2  
  199  11:58  Overseer  
  199  12:09  Spore Crawler  
  199  12:10  Spine Crawler  
  199  12:12  Viper  
  199  12:13  Spine Crawler  
  131  12:40  Hydralisk x3  
  131  12:41  Hydralisk x19  
  175  12:50  Hydralisk  
  175  12:51  Hydralisk x2  
  181  13:01  Hydralisk x5  
  191  13:12  Hydralisk x4  
  199  13:14  Hatchery  
  198  13:27  Hydralisk  
  177  14:02  Hydralisk  
  177  14:03  Hydralisk x10  
  199  14:16  Seismic Spines  
  199  14:19  Overlord  
  199  14:20  Overlord x3  
  199  14:23  Lurker  
  200  14:55  Extractor  
  200  14:56  Spore Crawler  
  200  14:57  Spore Crawler  
  200  14:58  Extractor  
  176  15:13  Adaptive Talons  
  176  15:15  Lurker x5  
  176  15:16  Lurker x8, Hydralisk x5  
  176  15:20  Zergling x2  
  200  15:22  Overlord  
  200  15:23  Overlord  
  200  15:33  Spore Crawler, Overseer x2  
  200  15:34  Overseer x2  
  199  15:36  Zerg Ground Armor Level 3  
  179  16:09  Hydralisk x12  
  179  16:11  Hydralisk x3  
  200  16:21  Neural Parasite  
  200  16:23  Centrifugal Hooks  
  200  16:25  Zerg Melee Weapons Level 1  
  200  16:34  Burrow  
  200  16:38  Roach Warren  
  199  16:57  Spine Crawler x2  
  199  16:58  Spine Crawler  
  199  17:00  Spine Crawler  
  195  17:05  Spine Crawler  
  194  17:13  Spine Crawler  
  166  17:40  Pathogen Glands  
  155  17:44  Viper x2  
  155  17:46  Hydralisk x19  
  199  18:11  Adrenal Glands  
  197  18:27  Hydralisk  
  192  19:06  Zerg Flyer Weapons Level 2  
  192  19:40  Corruptor x3  
  187  20:21  Hydralisk x6  
  199  20:51  Zerg Melee Weapons Level 2  
  186  21:04  Hatchery  
  172  21:14  Hydralisk x11  
  172  21:15  Hydralisk  
  169  21:21  Hydralisk  
  169  21:22  Hydralisk x16  
  154  22:20  Viper x4  
  151  22:25  Hydralisk  
  151  22:26  Hydralisk x19  
  151  22:28  Hydralisk x4  
  189  23:06  Hatchery  
  189  23:07  Spine Crawler  
  189  23:08  Spine Crawler  
  189  23:09  Spine Crawler  
  189  23:12  Hydralisk x5  
  185  23:13  Hydralisk x2  
  147  23:52  Hydralisk x13  
  147  23:53  Hydralisk x4  
  136  24:28  Hydralisk x14  
  136  24:29  Hydralisk x4  
  129  24:43  Hydralisk x8  
  141  24:49  Corruptor  
  143  24:57  Hydralisk x5  
  147  25:09  Viper x2  
  147  25:12  Zergling x6  
  148  25:27  Zergling x34  
  163  25:30  Extractor x2  
  163  25:33  Overseer x2  
  159  25:42  Zergling x18  
  168  25:52  Zergling x16  
  176  26:10  Spine Crawler  
  175  26:12  Spine Crawler  
  175  26:13  Spine Crawler  
  113  26:51  Hydralisk  
  113  26:52  Hydralisk x5  
  113  26:53  Hydralisk  
  94  26:54  Zergling x28  
  94  26:55  Zergling x24  
  94  27:00  Zergling x14  
  116  27:14  Hydralisk x2  
  113  27:41  Hydralisk  
  113  27:42  Spore Crawler  
  113  27:43  Spore Crawler, Hydralisk  
  115  28:14  Hydralisk  
  115  28:15  Hydralisk  
  119  28:29  Hydralisk x3  
  125  28:39  Hatchery  
  92  29:43  Zergling x18  
  92  29:44  Zergling x26  
  109  29:59  Hydralisk x2  
  109  30:00  Hydralisk x4  
  121  30:07  Baneling x10  
  121  30:14  Hydralisk  
  121  30:20  Zergling x10  
Tags
 
Add a new tag
Caveats
  • Supply blocks, unpowered buildings, or Contaminate may cause inaccurate times.
  • Supply counts are checked every 10 seconds.